 Dungeon Crawl Stone Soup version 0.29.0-11-gd7f09526c8 (webtiles) character file.

Game seed: 6407591058770734036

23 anonymouscript the Covered (level 3, -2/33 HPs)
             Began as a Meteoran Fighter on Sept 5, 2022.
             Slain by an ogre
             ... wielding a +0 giant spiked club
              (6 damage)
             ... on level 4 of the Dungeon.
             The game lasted 00:02:18 (358 turns).

anonymouscript the Covered (Meteoran Fighter)        Turns: 358, Time: 00:02:18

Health: -2/33      AC:  7    Str: 17    XL:     3   Next: 26%
Magic:  4/4        EV:  9    Int:  9    God:
Gold:   35         SH:  5    Dex: 16    Spells: 2/2 levels left

rFire   . . .      SeeInvis .   a - +0 flail
rCold   . . .      Faith    .   c - +0 buckler
rNeg    . . .      Spirit   .   b - +0 scale mail
rPois   .          Reflect  .   (no helmet)
rElec   .          Harm     .   (no cloak)
rCorr   .          Rampage  .   (no gloves)
Will    .....                   (no boots)
Stlth   ..........              (no amulet)
HPRegen 0.11/turn               (no ring)
MPRegen 0.09/turn               (no ring)

@: mighty, glowing
A: sense surroundings 1, otherworldly, glowing, explore regen
a: no special abilities


You were on level 4 of the Dungeon.
You visited 1 branch of the dungeon, and saw 4 of its levels.

You collected 35 gold pieces.

Inventory:

Hand Weapons
 a - a +0 flail (weapon)
Missiles
 g - 5 poisoned darts (quivered)
Armour
 b - a +0 scale mail (worn)
 c - a +0 buckler (worn)
Wands
 j - a wand of roots (8)
Scrolls
 e - a scroll of noise {unknown}
 f - 2 scrolls of identify {unknown}
 h - a scroll of poison {unknown}
 i - a scroll of amnesia {unknown}
 k - a scroll of immolation {unknown}


   Skills:
 + Level 3.7 Fighting
 + Level 3.0 Maces & Flails
 + Level 4.1 Armour
 + Level 3.9 Shields


You had 2 spell levels left.
You didn't know any spells.
Your spell library was empty.

Dungeon Overview and Level Annotations

Branches:
Dungeon (4/15) Zot: 2027
 Temple: D:4-7

Altars:

Shops:
D:3 ![


Innate Abilities, Weirdness & Mutations

You passively map a small area around you.
You are easily found by Zot.
You glow in the dark.
You regain HP and MP as you explore.


Message History

You completely miss the quokka. The quokka closely misses you.
You miss the quokka. The quokka barely misses you. x2
You closely miss the quokka.
The quokka bites you but does no damage.
You feel very mighty all of a sudden.
The quokka bites you but does no damage.
The ogre barely misses you. You block the quokka's attack.
You completely miss the ogre. You block the quokka's attack.
The ogre hits you with a +0 giant spiked club!!
Ouch! That really hurt!
You hit the ogre.
The ogre is moderately wounded.
The quokka bites you but does no damage.
You block the quokka's attack.
You hit the ogre.
The ogre is moderately wounded.
The ogre closely misses you. The quokka barely misses you.
You barely miss the ogre.
The ogre is moderately wounded.
The quokka closely misses you. You block the ogre's attack.
The quokka bites you but does no damage.
You thump the ogre!
The ogre is severely wounded.
The ogre closely misses you. The quokka barely misses you.
You barely miss the ogre.
The ogre is severely wounded.
The quokka closely misses you.
The ogre hits you with a +0 giant spiked club!
* * * LOW HITPOINT WARNING * * *
You block the quokka's attack.
You hit the ogre.
The ogre is almost dead.
The quokka bites you but does no damage.
The ogre hits you with a +0 giant spiked club.
* * * LOW HITPOINT WARNING * * *
You barely miss the ogre.
The ogre is almost dead.
The quokka barely misses you. You block the quokka's attack.
The ogre hits you with a +0 giant spiked club.
You die...

...... > * ,,
......., ,.* ,,
* ..... .. , #
##.... , ...
#.#..... ...., ,
##......# ...# *
........##....#,
.......O<.# ,
......r@### ,**
* * ......#..#*
* * ...#. ....#
**.. # ##.### *
** ### *


You could see an ogre and a quokka.

Vanquished Creatures
  A gnoll (D:1)
  2 endoplasms
  A giant cockroach (D:3)
  A goblin (D:3)
  2 hobgoblins
  A kobold (D:2)
  A frilled lizard (D:3)
  3 rats
12 creatures vanquished.

Notes
Turn   | Place    | Note
-------+----------+-------------------------------------------
     0 | D:1      | anonymouscript the Meteoran Fighter began the quest for the
                  | Orb.
     0 | D:1      | Reached XP level 1. HP: 19/19 MP: 2/2
    33 | D:1      | Reached XP level 2. HP: 20/26 MP: 3/3
    82 | D:2      | Reached skill level 4 in Armour
   204 | D:3      | Found Haut's Armour Shoppe.
   230 | D:3      | Reached XP level 3. HP: 31/31 MP: 4/4
   278 | D:3      | Found Qixod's Distillery.
   346 | D:4      | Noticed an ogre
   358 | D:4      | Slain by an ogre

Illustrated notes

Levels and vault maps discovered:
D:1:      roderic_octagonal_star, layout_loops_ring,
          chequers_ecumenical_altar_lobes
D:2:      layout_basic
D:3:      layout_basic, serial_shops, nicolae_shop_crystal,
          nicolae_shop_statue_plus, shop_statue,
          wander_ebering_terrifying_dragon_lair
D:4:      layout_cave_pools

Skill      XL: |  1  2  3 |
---------------+----------+-----
Armour         | 4 |  4.1
Maces & Flails | 3 |  3.0
Fighting       | |  3.7
Shields        | |  3.9

Action                   || total
-------------------------++-------
Melee: Flail             ||    49
  Use: Potion            ||     2
Armor: Scale mail        ||    23
Dodge: Dodged            ||    29
Block: Buckler           ||    12
